 Dungeon Crawl Stone Soup version 0.31-a0-925-g0a390f2509 (webtiles) character file.

Game seed: 11959880046707347340

392 lunkers the Insei (level 7, 0/52 HPs)
             Began as a Meteoran Shapeshifter on Oct 18, 2023.
             Slain by a gnoll
             ... wielding a +0 spear
              (7 damage)
             ... on level 4 of the Dungeon.
             The game lasted 00:05:25 (1766 turns).

lunkers the Insei (Meteoran Shapeshifter)           Turns: 1766, Time: 00:05:26

Health: 0/52       AC:  8    Str: 15    XL:     7   Next: 30%
Magic:  8/8        EV:  7    Int: 12    God:
Gold:   282        SH:  5    Dex: 16    Spells: 6/6 levels left

rFire   . .          .
                       - Unarmed
rCold   . . .        (no shield)
rNeg    . . .        e - +0 chain mail
rPois   .            (helmet currently unavailable)
rElec   .            (cloak currently unavailable)
rCorr   .            (gloves currently unavailable)
SInv    .            (boots currently unavailable)
Will    .....        g - amulet of reflection Stlth
                     (no ring)
HPRegen 0.28/turn    (no ring)
MPRegen 0.11/turn

%: reflection
@: beast-form, glowing
A: beast (slay +3), sense surroundings 1, otherworldly, glowing, explore regen
a: Begin Untransformation


You were on level 4 of the Dungeon.
You were a hulking beast.
You visited 1 branch of the dungeon, and saw 4 of its levels.

You collected 282 gold pieces.

Inventory:

Armour
 a - a +0 animal skin
 e - a +0 chain mail (worn)
Jewellery
 g - an amulet of reflection (around neck)
 m - an amulet of regeneration
Talismans
 c - a beast talisman (active)
 d - a flux talisman
Wands
 y - a wand of polymorph (3)
Scrolls
 k - 3 scrolls of identify
 l - 2 scrolls of poison {unknown}
 n - a scroll of enchant armour {unknown}
 o - a scroll of teleportation {unknown}
 p - a scroll of vulnerability {unknown}
 q - a scroll of torment {unknown}
 s - a scroll of butterflies {unknown}
 t - a scroll of noise {unknown}
 w - a scroll of fear {unknown}
 x - a scroll of blinking {unknown}
 z - a scroll of immolation {unknown}
Potions
 f - 2 potions of haste
 h - a potion of mutation {unknown}
 i - 2 potions of degeneration {unknown}
 j - 2 potions of ambrosia {unknown}
 r - 2 potions of curing {unknown}
 u - 2 potions of resistance {unknown}
 v - a potion of brilliance {unknown}


   Skills:
 - Level 1.1 Fighting
 - Level 2.1 Dodging
 * Level 7.5 Unarmed Combat
 + Level 5.6 Shapeshifting


You had 6 spell levels left.
You didn't know any spells.
Your spell library contained the following spells:

 Spells                   Type           Power      Damage    Failure   Level
 Apportation              Tloc           0%         N/A       99%         1
 Necrotise                Necr           0%         1d4       99%         1
 Summon Small Mammal      Summ           0%         N/A       99%         1
 Jinxbite                 Hex            0%         N/A       100%        2
 Hailstorm                Conj/Ice       0%         3d3       100%        3
 Summon Ice Beast         Ice/Summ       0%         N/A       100%        4
 Alistair's Intoxication  Tmut/Pois      0%         N/A       100%        5
 Simulacrum               Ice/Necr       0%         N/A       100%        6


Dungeon Overview and Level Annotations

Branches:
Dungeon (4/15) Zot: 659
 Temple: D:4-7

Altars:
Nemelex Xobeh

Annotations:
D:4 3 runed translucent doors, Runia's ghost, amateur MfIE


Innate Abilities, Weirdness & Mutations

You are a hulking beast.
Your limbs bulge with bestial killing power. (Slay +3)
You passively map a small area around you.
You are easily found by Zot.
You glow in the dark.
You regain HP and MP as you explore.


Message History

* * * LOW HITPOINT WARNING * * *
The goblin hits you with a +0 club.
* * * LOW HITPOINT WARNING * * *
The gnoll hits you from afar with a +0 spear.
* * * LOW HITPOINT WARNING * * *
The gnoll hits you but does no damage. You block the goblin's attack.
You punch the goblin!
You kill the goblin!
The gnoll closely misses you.
The gnoll hits you from afar with a +0 spear.
* * * LOW HITPOINT WARNING * * *
The gnoll hits you but does no damage. The goblin hits you but does no damage.
You hit the goblin.
You kill the goblin!
The gnoll hits you from afar with a +0 spear.
* * * LOW HITPOINT WARNING * * *
You block the gnoll's attack.
The gnoll hits you from afar with a +0 spear.
* * * LOW HITPOINT WARNING * * *
The hobgoblin barely misses you.
You barely miss the hobgoblin.
Unknown command.
You hit the hobgoblin.
The hobgoblin is moderately wounded.
The hobgoblin hits you but does no damage.
The gnoll hits you but does no damage. The gnoll closely misses you.
The gnoll hits you from afar with a +0 spear.
* * * LOW HITPOINT WARNING * * *
The gnoll barely misses you.
Unknown command.
As you read the scroll labelled BUETWYA HEXE, it crumbles to dust.
It is a scroll of identify.
f - 2 potions of haste You block the gnoll's attack.
The hobgoblin hits you but does no damage.
The gnoll barely misses you.
The gnoll hits you from afar with a +0 spear.
* * * LOW HITPOINT WARNING * * *
The gnoll hits you from afar with a +0 spear!
You die...

####################
#≈≈≈≈≈≈≈# ..#)....##
##......# .#≈≈≈≈≈≈≈#
..)......###..)....#
..# ~
###.......#........##'#
))........#...........#
.)........'......g....#
))........#.....ggg...#
~ ###.......#....)g)g#
' .'......###....h).#,
..#.....## ##......# ,
######### *########, ~~
~ ~~ * ~~ ~~~ ~ ~ ~ * *


You could see 4 gnolls, a hobgoblin and a goblin.

Vanquished Creatures
  A phantom (D:4)
  A hound (D:4)
  A sleepcap (D:4)
  10 adders
  5 gnolls (D:4)
  2 worms
  2 dart slugs (D:1)
  4 ball pythons
  2 bats
  6 endoplasms
  6 giant cockroaches
  26 goblins
  22 hobgoblins
  3 quokkas
  5 frilled lizards
  6 kobolds
  3 rats
105 creatures vanquished.

Notes
Turn   | Place    | Note
-------+----------+-------------------------------------------
     0 | D:1      | lunkers the Meteoran Shapeshifter began the quest for the
                  | Orb.
     0 | D:1      | Reached XP level 1. HP: 16/16 MP: 2/2
    98 | D:1      | Reached XP level 2. HP: 20/23 MP: 3/3
    99 | D:1      | Reached skill level 4 in Unarmed Combat
   216 | D:1      | Reached XP level 3. HP: 28/28 MP: 4/4
   554 | D:2      | Reached skill level 5 in Unarmed Combat
   554 | D:2      | Reached XP level 4. HP: 35/35 MP: 5/5
   945 | D:3      | Found a sparkling altar of Nemelex Xobeh.
  1027 | D:3      | Reached XP level 5. HP: 40/40 MP: 6/6
  1227 | D:4      | Reached skill level 6 in Unarmed Combat
  1336 | D:4      | Found a runed translucent gate.
  1337 | D:4      | Found a runed translucent gate.
  1337 | D:4      | Noticed Runia's ghost (amateur MfIE)
  1338 | D:4      | Found a runed translucent gate.
  1339 | D:4      | Identified the +4 scale mail "Waetig" {rC- Str+6}
  1418 | D:4      | Reached XP level 6. HP: 41/47 MP: 7/7
  1425 | D:4      | Reached skill level 5 in Shapeshifting
  1610 | D:4      | Reached skill level 7 in Unarmed Combat
  1737 | D:4      | Reached XP level 7. HP: 28/52 MP: 8/8
  1766 | D:4      | Slain by a gnoll

Illustrated notes

Levels and vault maps discovered:
D:1:      beargit_arrival_diablo_church, layout_basic, minmay_pentomino_o4
D:2:      layout_rooms
D:3:      layout_loops_ring, lemuel_round_altar
D:4:      minmay_goblin_kobold_castle, layout_loops_ring,
          general_overflow_altar, biasface_ghost_orc_armoury, st_stairs_2,
          nicolae_half_adder

Skill      XL: |  1  2  3  4  5  6 |
---------------+-------------------+-----
Unarmed Combat | 4 5 6 7 |  7.5
Shapeshifting  | 4 5 |  5.6
Fighting       | |  1.1
Dodging        | |  2.1

Action                     |  1- 3 |  4- 6 |  7- 9 || total
---------------------------+-------+-------+-------++-------
  Melee: Unarmed           |    60 |   187 |    14 ||   261
         Punch             |     1 |     5 |       ||     6
    Use: Potion            |       |     1 |       ||     1
         Scroll            |       |       |     1 ||     1
 Armour: Chain mail        |    38 |   121 |    33 ||   192
         Animal skin       |     1 |       |       ||     1
         Skin              |       |     5 |       ||     5
  Dodge: Dodged            |    13 |    75 |    12 ||   100
  Block: Other             |     4 |    44 |     8 ||    56
         Reflection        |       |     6 |       ||     6

Table legend: (Time is in decaauts)
 A = Elapsed time spent in this place.
 B = Non-inter-level travel time spent in this place.
 C = Inter-level travel time spent in this place.
 D = Time resting spent in this place.
 E = Time spent auto-exploring this place.
 F = Levels seen in this place.
 G = Mean time per level.
                   A        B        C        D        E       F      G
               +--------+--------+--------+--------+--------+-----+--------+
         Total |   1739 |   1639 |    100 |     28 |   1115 |   4 |  434.8 |
       Dungeon |   1739 |   1639 |    100 |     28 |   1115 |   4 |  434.8 |
               +--------+--------+--------+--------+--------+-----+--------+

Top non-repeatable levels by time:
     D:4: 632 daAuts
     D:3: 430 daAuts
     D:1: 344 daAuts
     D:2: 332 daAuts
